 Dungeon Crawl Stone Soup version 0.27.1-1-g398f81649c (webtiles) character file.

Game seed: 18141675268387566176

24 speeev33 the Skirmisher (level 3, 33/33 HPs)
             Began as a Hill Orc Fighter on Sept 12, 2021.
             Quit the game on level 1 of the Dungeon.
             The game lasted 00:01:05 (726 turns).

speeev33 the Skirmisher (Hill Orc Fighter)           Turns: 726, Time: 00:01:06

Health: 33/33      AC:  6    Str: 19    XL:     3   Next: 2%
Magic:  3/3        EV:  7    Int:  8    God:
Gold:   30         SH:  9    Dex: 10    Spells: 2/2 levels left

rFire    . . .     SeeInvis .   a - +0 war axe
rCold    . . .     Faith    .   c - +0 kite shield
rNeg     . . .     Spirit   .   b - +0 scale mail
rPois    .         Reflect  .   (no helmet)
rElec    .         Harm     .   (no cloak)
rCorr    .         Rampage  .   (no gloves)
Will     .....                  (no boots)
Stlth    ..........             (no amulet)
HPRegen  0.11/turn              (no ring)
MPRegen  0.08/turn              (no ring)

@: no status effects
A: no striking features
a: no special abilities


You were on level 1 of the Dungeon.
You visited 1 branch of the dungeon, and saw 1 of its levels.

You collected 30 gold pieces.

Inventory:

Hand Weapons
 a - a +0 war axe (weapon)
Armour
 b - a +0 scale mail (worn)
 c - a +0 kite shield (worn)
Scrolls
 e - a scroll of summoning {unknown}
 f - a scroll of noise {unknown}
 g - a scroll of teleportation {unknown}
Potions
 d - a potion of might
 h - a potion of attraction {unknown}
 i - a potion of mutation {unknown}


   Skills:
 + Level 4.0 Fighting
 + Level 3.2 Axes
 + Level 3.6 Armour
 + Level 3.6 Shields


You had 2 spell levels left.
You didn't know any spells.
Your spell library contained the following spells:

 Spells                   Type           Power      Damage    Failure   Level
 Shock                    Conj/Air       0%         1d3       99%         1
 Blink                    Tloc           N/A        N/A       100%        2
 Lesser Beckoning         Tloc           0%         N/A       100%        3
 Swiftness                Air            0%         N/A       100%        3
 Airstrike                Air            0%         N/A       100%        4
 Manifold Assault         Tloc           0%         N/A       100%        5


Dungeon Overview and Level Annotations

Branches:
Dungeon (1/15)

Altars:


Message History

An endoplasm is nearby!
The endoplasm quivers.
The endoplasm hits you but does no damage.
You see here 25 bolts.
Your scale mail prevents you from hitting the endoplasm.
The endoplasm hits you but does no damage.
You slash the endoplasm!
You kill the endoplasm!
You have reached level 3!
Your experience leads to an increase in your attributes!
Increase (S)trength, (I)ntelligence, or (D)exterity?
You feel stronger.
You see here a dart slug corpse.
You now have 30 gold pieces (gained 7).
You see here a dart slug corpse.
You see here 25 bolts.
Found a metallic grey potion.
A kobold comes into view. It is wielding a +0 whip.
Found a long smoking staff.
The kobold shouts!
You block the kobold's attack.
A kobold is nearby!
A kobold is nearby!
You closely miss the kobold. The kobold closely misses you.
You hit the kobold but do no damage. The kobold hits you with a +0 whip. x2
You slash the kobold!
You kill the kobold!
No target in view!
No target in view!
No target in view!
No target in view!
No target in view!
No target in view!
No target in view!
h - a metallic grey potion You see here a staff of cold.
Found an orange potion.
You see here a +0 whip.
i - an orange potion Are you sure you want to abandon this character and quit the game? (Confirm with "yes".)

#.####...#
###.####...#
#.....##...#
####.....##...#
###........######
#.............#
#.##..†.......#
##.##(.#......#
#@#.###.######
#..#.#.#..#
#.###)#.#.#
###.#.|##...#
.........##..#
#######.....##
#...### #####


There were no monsters in sight!

Vanquished Creatures
  2 dart slugs (D:1)
  An endoplasm (D:1)
  A giant cockroach (D:1)
  4 goblins (D:1)
  2 hobgoblins (D:1)
  2 kobolds (D:1)
  A quokka (D:1)
  3 bats (D:1)
  A frilled lizard (D:1)
  A rat (D:1)
18 creatures vanquished.

Vanquished Creatures (others)
  4 toadstools (D:1)
4 creatures vanquished.

Grand Total: 22 creatures vanquished

Notes
Turn   | Place    | Note
-------+----------+-------------------------------------------
     0 | D:1      | speeev33 the Hill Orc Fighter began the quest for the Orb.
     0 | D:1      | Reached XP level 1. HP: 19/19 MP: 1/1
   211 | D:1      | Reached XP level 2. HP: 27/27 MP: 2/2
   565 | D:1      | Reached skill level 4 in Fighting
   656 | D:1      | Reached XP level 3. HP: 32/33 MP: 3/3
   726 | D:1      | Quit the game

Illustrated notes

Levels and vault maps discovered:
D:1:      ldierk_walled_garden_2, layout_basic, shapermc_ecumenical_altar_venn,
          minmay_pentomino_r4

Skill      XL: |  1  2 |
---------------+-------+-----
Axes           | 3 |  3.2
Fighting       | 4 |  4.0
Armour         | |  3.6
Shields        | |  3.6

Action                   || total
-------------------------++-------
Melee: War axe           ||    71
Armor: Scale mail        ||    55
Dodge: Dodged            ||    33
Block: Kite shield       ||    41
